 Dungeon Crawl Stone Soup version 0.32-a0-616-g9348d4545b (webtiles) character file.

Game seed: 10310300925815554836

432 jasper the Ruffian (level 6, -10/43 HPs)
             Began as a Demonspawn Shapeshifter on Mar 5, 2024.
             Was an Initiate of Yredelemnul.
             Mangled by an ogre
             ... wielding a +0 giant club
              (30 damage)
             ... on level 4 of the Dungeon.
             The game lasted 00:04:23 (2954 turns).

jasper the Ruffian (Demonspawn Shapeshifter)        Turns: 2954, Time: 00:04:24

Health: -10/43     AC:  9    Str: 16    XL:     6   Next: 67%
Magic:  6/6        EV: 11    Int: 10    God:    Yredelemnul [......]
Gold:   204        SH:  0    Dex: 13    Spells: 5/5 levels left

rFire   . .          .
                       - Unarmed
rCold   . . .        (no shield)
rNeg    . . .        g - +1 ring mail
rPois   .            (helmet currently unavailable)
rElec   .            (cloak currently unavailable)
rCorr   .            (gloves currently unavailable)
SInv    .            (boots currently unavailable)
Will    .....        (no amulet)
Stlth   +            (no ring)
HPRegen 0.27/turn    (no ring)
MPRegen 0.10/turn

%: no passive effects
@: beast-form, wreathed by umbra
A: beast (slay +1), icy blue scales 2, spiny 2
a: Begin Untransformation, Renounce Religion, Light the Black Torch, Recall
Undead Harvest


You were on level 4 of the Dungeon.
You worshipped Yredelemnul.
Yredelemnul was noncommittal.
You were a hulking beast.
You visited 1 branch of the dungeon, and saw 4 of its levels.

You collected 204 gold pieces.

Inventory:

Missiles
 e - 49 stones (quivered)
Armour
 a - a +0 animal skin
 g - a +1 ring mail (worn)
 h - a +0 pair of gloves
 i - a +0 pair of boots
 l - a +2 buckler
Talismans
 c - a beast talisman (active)
 d - a flux talisman
Scrolls
 j - a scroll of enchant armour
 n - a scroll of noise {unknown}
 o - a scroll of brand weapon
Potions
 b - a potion of lignification
 f - a potion of berserk rage
 k - a potion of heal wounds
 m - a potion of enlightenment


   Skills:
 - Level 1.0 Fighting
 - Level 1.7 Dodging
 + Level 7.0 Unarmed Combat
 - Level 2.6 Shapeshifting


You had 5 spell levels left.
You didn't know any spells.
Your spell library contained the following spells:

 Spells                   Type           Power      Damage    Failure   Level
 Dazzling Flash           Conj/Hex       0%         N/A       91%         3
 Volatile Blastmotes      Fire/Tloc      0%         2d10      91%         3
 Starburst                Conj/Fire      0%         6d3       100%        6
 Maxwell's Capacitive Co  Air            0%         ∞         100%        8


Dungeon Overview and Level Annotations

Branches:
Dungeon (4/15)
 Temple: D:4-7

Altars:
Yredelemnul


Innate Abilities, Weirdness & Mutations

You are a hulking beast.
Your limbs bulge with bestial killing power. (Slay +1)
You are mostly covered in icy blue scales. (AC +3)
You are mostly covered in sharp spines.


Message History

a +0 club; a +0 club
Okay, then.
Unknown command.
Unknown command.
Found a stone staircase leading down.
Health restored: 43 You swap places.
You now have 204 gold pieces (gained 11).
You open the door.
There is an open door here.
Done exploring.
Done exploring.
You swap places.
Items here: ) ÷÷÷÷.
There is a stone staircase leading down here.
You return your torch's flame to Yredelemnul, and they are satisfied with your conquest.
You climb downwards.
Your mindless puppet stays behind to rot.
You hear the sound of rushing water.
There is an entrance to a sewer on this level.
Hurry and find it before the portal rusts away!
The ogre shouts!
The orc shouts!
The centaur shouts!
The goblin shouts!
There is a stone staircase leading up here.
You lift the black torch aloft and begin your conquest of Level 4 of the Dungeon in Yredelemnul's name!
The centaur wields a +0 shortbow.
The centaur shoots an arrow.
The arrow hits you.
The goblin unwields a +0 club.
The goblin wields a +0 sling.
The goblin shoots a sling bullet.
The sling bullet closely misses you.
You take 4 damage, and have 39/43 hp.
The centaur shoots an arrow.
The arrow hits you.
You take 5 damage, and have 34/43 hp.
The centaur shoots an arrow.
The arrow hits you.
The goblin shoots a sling bullet.
The sling bullet hits you but does no damage.
The centaur shoots an arrow.
The arrow hits you!
You take 14 damage, and have 20/43 hp.
MASSIVE DAMAGE!!
The ogre is struck by your spines.
The ogre hits you with a +0 giant club!!
Ouch! That really hurt!
You die...
Your body rises from the dead as a mindless zombie.

...............
................
...............#
...............#
.............##
..............#
#..........#
#...h......#
#.<.oO.....#
#..........#
##........##
#..........#
#.......g..#
#..........#
#......c...#
#..........#


You could see an ogre, a centaur, an orc and a goblin.

Vanquished Creatures
  Sigmund (D:3)
  A hound (D:3)
  An iguana (D:3)
  Terence (D:3)
  A hound zombie (D:3)
  7 adders
  An adder zombie (D:3)
  A ribbon worm (D:2)
  3 dart slugs
  5 orcs (D:3)
  3 ball pythons
  5 endoplasms
  2 giant cockroaches
  8 goblins
  3 hobgoblins
  8 jackals
  14 kobolds
  4 quokkas
  7 bats
  5 frilled lizards
  8 rats
89 creatures vanquished.

Notes
Turn   | Place    | Note
-------+----------+-------------------------------------------
     0 | D:1      | jasper the Demonspawn Shapeshifter began the quest for the
                  | Orb.
     0 | D:1      | Reached XP level 1. HP: 15/15 MP: 1/1
    84 | D:1      | Reached skill level 3 in Unarmed Combat
   140 | D:1      | Gained mutation: You are partially covered in icy blue
                  | scales. (AC +2) [demonic ancestry]
   140 | D:1      | Reached XP level 2. HP: 13/21 MP: 2/2
   470 | D:1      | Gained mutation: You are partially covered in sharp spines.
                  | [demonic ancestry]
   470 | D:1      | Reached XP level 3. HP: 22/26 MP: 3/3
   604 | D:1      | Reached skill level 4 in Unarmed Combat
  1116 | D:2      | Gained mutation: You are mostly covered in sharp spines.
                  | [demonic ancestry]
  1116 | D:2      | Reached XP level 4. HP: 18/32 MP: 4/4
  1458 | D:2      | You fall into a shaft and drop 1 floor!
  1513 | D:3      | Reached skill level 5 in Unarmed Combat
  1726 | D:3      | Noticed Terence
  1737 | D:3      | Killed Terence
  1738 | D:3      | Gained mutation: You are mostly covered in icy blue scales.
                  | (AC +3) [demonic ancestry]
  1738 | D:3      | Reached XP level 5. HP: 17/37 MP: 5/5
  2095 | D:3      | Noticed Sigmund
  2112 | D:3      | Killed Sigmund
  2113 | D:3      | Reached skill level 6 in Unarmed Combat
  2113 | D:3      | Reached XP level 6. HP: 33/43 MP: 6/6
  2422 | D:3      | Found a basalt altar of Yredelemnul.
  2589 | D:3      | Reached skill level 7 in Unarmed Combat
  2687 | D:3      | Became a worshipper of Yredelemnul the Fallen
  2839 | D:3      | Found a faded altar of an unknown god.
  2954 | D:4      | Mangled by an ogre

Illustrated notes

Levels and vault maps discovered:
D:1:      lightli_arrival_chessboard, layout_loops_ring, serial_aquarium,
          aquarium_bridge_square [aquarium_subvault_wall,
          aquarium_subvault_bridge, aquarium_subvault_window,
          aquarium_subvault_bridge], aquarium_window_fake, aquarium_window_1,
          aquarium_view_2a, aquarium_balcony_1b, aquarium_pool_1,
          hangedman_glass_teeth, dreamdust_wishing_well,
          minmay_misc_feat_ornament, hangedman_feature_mirror
D:2:      layout_basic, lexackson_kobold_supper
D:3:      layout_basic, lemuel_zombie_altar_yredelemnul,
          dreamdust_ecumenical_altar_grove, minmay_misc_feat_alley,
          nicolae_eternal_life, uniq_sigmund, uniq_terence
D:4:      layout_rooms, cheibrodos_sewer_entry_sluice, kennysheep_donut

Skill      XL: |  1  2  3  4  5  6 |
---------------+-------------------+-----
Unarmed Combat | 3 4 5 6 7 |  7.0
Fighting       | |  1.0
Dodging        | |  1.7
Shapeshifting  | |  2.6

Action                     |  1- 3 |  4- 6 || total
---------------------------+-------+-------++-------
  Melee: Unarmed           |   115 |   103 ||   218
         Punch             |     2 |       ||     2
 Invoke: Light the Black T |       |     2 ||     2
    Use: Scroll            |     4 |     6 ||    10
 Armour: Animal skin       |    50 |       ||    50
         Ring mail         |    18 |    45 ||    63
  Dodge: Dodged            |    54 |    30 ||    84
  Block: Buckler           |     3 |    13 ||    16

Table legend: (Time is in decaauts)
 A = Elapsed time spent in this place.
 B = Non-inter-level travel time spent in this place.
 C = Inter-level travel time spent in this place.
 D = Time resting spent in this place.
 E = Time spent auto-exploring this place.
 F = Levels seen in this place.
 G = Mean time per level.
                   A        B        C        D        E       F      G
               +--------+--------+--------+--------+--------+-----+--------+
         Total |   2939 |   2773 |    166 |     69 |   2096 |   4 |  734.8 |
       Dungeon |   2939 |   2773 |    166 |     69 |   2096 |   4 |  734.8 |
               +--------+--------+--------+--------+--------+-----+--------+

Top non-repeatable levels by time:
     D:3: 1139 daAuts
     D:1: 967 daAuts
     D:2: 828 daAuts
     D:4: 3 daAuts
